Unix xNetHack Version 8.0.0 - last build Jun 13 2023 01:05:28 (4b7ecc64c373f7294607d497be3f7ce1783331ac). Game began 2023-09-05 10:53:24, ended 2023-09-05 14:01:45. breadmaster, lawful female human Priestess --- ------- ----.--- |..|..---......| ----- |.........--...| ---- --...-- --.....------.-- |..| --.....| ---...--- |.| |..-- -----.....- |.....--------.------ -..----.......(.| - ---...................|---- |.............--- ---- -- |........-----.....----.|-..----.............| ---..| |. ---....|.|---.......--..|`...--..^...........---....-- |.-- --.--|.||........................--................| --.--- -- |.||.......%............--..-|.....+.........-- |....--- |.|---..--.--...........|--..--@...*.---.|..-- | |......| |.-- |..|-----.......---- |..)o....--- ------ -.| --.....| |..------ --...---- --......*| |.. --.....| |...| |...-----------[....-- ..- |......| --.-- ---..........---.---- --.. |......| -- ---..-----..(%...--------------.- |..)...-- ---- -------...[.........|..--------.-..<.| ----------..|....(........%...-- ---------------------- Breadmaster the Acolyte St:13 Dx:16 Co:13 In:11 Wi:13 Ch:11 Lawful S:1062 Dlvl:6 $:52 HP:0(32) Pw:45(45) AC:7 Xp:5/190 T:2234 Latest messages: You are caught in a bear trap. You are caught in a bear trap. You are caught in a bear trap. You are caught in a bear trap. You are caught in a bear trap. You are caught in a bear trap. You are caught in a bear trap. You are caught in a bear trap. You are caught in a bear trap. You are caught in a bear trap. You are caught in a bear trap. You finally wriggle free. In what direction? 4 You disarm the bear trap. You see here a food ration. The kitten picks up a food ration. The kitten drops a food ration. You are carrying too much to get through. You see here a copper whistle. The kitten drops a food ration. You swap places with your kitten. You are carrying too much to get through. You swap places with your kitten. The kitten picks up a food ration. The kitten drops a food ration. You see here a copper whistle. You see here a spellbook of clairvoyance. The kitten misses the dwarf. The dwarf's pair of hard shoes blocks its attack. You hear some noises in the distance. The Mordor orc removes a skull cap and puts on a skull cap. The Mordor orc picks up a skull cap. The Mordor orc picks up a crossbow. The Mordor orc zaps a marble wand! The wand hits you! The kitten picks up a rock. The kitten drops a rock. In what direction? 4 The silver dagger hits the Mordor orc. In what direction? 4 The silver dagger hits the Mordor orc. The Mordor orc zaps a marble wand! The wand hits you! The wand hits the kitten! The kitten is killed! You miss the Mordor orc. The Mordor orc zaps a wand of striking! The wand hits you! You die... Do you want your possessions identified? [ynq] (y) q Inventory: Inventory: 636/700 weight (42/52 slots) Coins $ - 52 gold pieces {1} Weapons P - a blessed +0 dagger {10} H - 3 +4 silver daggers (at the ready) {33} z - a blessed +0 elven dagger {10} W - a +0 elven dagger {10} F - a cursed +0 wooden elven dagger {3} a - a blessed +1 mace (weapon in hand) {30} Armor L - a +0 orcish helm {30} Q - a +0 pair of dwarvish boots {50} c - a +0 small shield (being worn) {23} b - a +0 robe (being worn) {12} Comestibles e - a clove of garlic {1} f - a sprig of wolfsbane {1} p - a tripe ration {10} Scrolls B - a scroll of amnesia {5} D - a scroll of magic mapping {5} N - a blessed scroll of remove curse {5} Spellbooks A - a cursed spellbook of cone of cold {50} g - a spellbook of light {35} k - a spellbook of magic missile {40} u - a cursed spellbook of turn undead {40} Potions n - a blessed potion of enlightenment {20} i - a potion of gain energy {20} v - a potion of gain level {20} U - a potion of monster detection {20} q - a potion of oil {20} j - a cursed potion of sleeping {20} d - 4 potions of holy water {80} Rings M - a ring of fire resistance {3} Wands s - a wand of make invisible (0:3) {7} Tools r - a skeleton key {3} I - 2 tallow candles {4} m - a cursed towel {2} Gems/Stones E - an amber stone {1} w - a cursed amber stone {1} C - 2 aquamarine stones {2} G - a garnet stone {1} S - a worthless piece of blue glass {1} Z - a worthless piece of green glass {1} o - 3 worthless pieces of orange glass {3} V - a worthless piece of red glass {1} Y - a worthless piece of white glass {1} O - a worthless piece of yellow glass {1} Breadmaster the Priestess's attributes: Background: You were an Acolyte, a level 5 human Priestess. You were lawful, nominally on a mission for Issek who was opposed by Mog (neutral) and Kos (chaotic). You were heterosexual. You were in the Gnomish Mines, on level 6. You entered the dungeon 2234 turns ago. You had 190 experience points, 130 more were needed to attain level 6. Your score was 1062 before end-of-game adjustments. Basics: You had 0 out of 32 hit points. You had all 45 energy points (spell power). Your armor class was 7. Your wallet contained 52 zorkmids. Autopickup was off. Final Characteristics: Your strength was 13 (limit:18/100). Your dexterity was 16 (limit:18). Your constitution was 13 (limit:18). Your intelligence was 11 (limit:18). Your wisdom was 13 (limit:18). Your charisma was 11 (limit:18). Final Status: You were not hungry. You were unencumbered. You were wielding a mace. You had basic skill with mace. Final Attributes: You were piously aligned. You were guarded. You are dead. Miscellaneous: You never encountered a bones level. Total elapsed playing time was 2 hours, 1 minute and 50 seconds. Major events: Turn 1: breadmaster the lawful human Priestess entered the dungeon 1144: entered the Gnomish Mines 1234: attained the rank of Acolyte (level 3) 2234: killed by a wand Vanquished creatures: 2 gnome leaders a kitten 3 dwarves an orc zombie 2 dwarf zombies 3 hobbits a hobgoblin 20 gnomes 2 geckos 2 jackals 2 foxes 2 goblins 3 sewer rats 7 grid bugs 8 newts 59 creatures vanquished. No species were genocided or became extinct. Voluntary challenges: You were an atheist. You read items or engraved 4 times. You never genocided any monsters. You never polymorphed an object. You never changed form. You never touched an artifact. You used no wishes. You never scared an enemy with impunity. You were celibate. You never generated conflict. Achievements: You entered the Gnomish Mines. You attained the rank of Acolyte. Dungeon overview: The Dungeons of Doom: levels 1 to 5 Level 1: Level 2: An altar to Issek, a fountain. Level 3: A fountain, a grave. Level 4: Stairs down to The Gnomish Mines. Level 5: The Gnomish Mines: levels 5 to 6 Level 5: Level 6: <- You were here. Final resting place for you, killed by a wand. Game over: __________ / \ / REST \ / IN \ / PEACE \ / \ | breadmaster | | 52 Au | | killed by a wand | | | | | | | | 2023 | *| * * * | * _________)/\\_//(\/(/\)/\//\/|_)_______ Goodbye breadmaster the Priestess... You died in The Gnomish Mines on dungeon level 6 with 1057 points, and 52 pieces of gold, after 2234 moves. You were level 5 with a maximum of 32 hit points when you died.